 Dungeon Crawl Stone Soup version 0.32-a0-43-g058985b245 (webtiles) character file.

Game seed: 13897622582549929418

492 cforsyth the Trooper (level 7, 0/54 HPs)
             Began as a Djinni Warper on Feb 4, 2024.
             Slain by a yak (9 damage)
             ... on level 5 of the Dungeon.
             The game lasted 00:07:16 (5107 turns).

cforsyth the Trooper (Djinni Warper)                Turns: 5107, Time: 00:07:17

Health: 0/54       AC:  4    Str: 10    XL:     7   Next: 37%
Gold:   127        EV: 11    Int: 16    God:
                   SH:  0    Dex: 13

rFire   + + .        a - +0 falchion
rCold   x . .        (no shield)
rNeg    . . .        b - +0 leather armour
rPois   ∞            y - +0 helmet
rElec   .            (no cloak)
rCorr   .            (no gloves)
SInv    .            (boots unavailable)
Will    .....        (no amulet)
Stlth   +            (no ring)
HPRegen 0.29/turn    (no ring)
MPRegen 0.00/turn

%: infuse magic (-1 HP)
@: flying
A: sickness immunity, fire resistance 2, cold vulnerability 1, float, innate
caster, HP casting, extra vitality 1
a: no special abilities


You were on level 5 of the Dungeon.
You visited 1 branch of the dungeon, and saw 5 of its levels.

You collected 127 gold pieces.

Inventory:

Hand Weapons
 a - a +0 falchion (weapon)
Missiles
 d - 7 darts of dispersal
Armour
 b - a +0 leather armour (worn)
 y - a +0 helmet (worn)
Jewellery
 v - a +6 ring of dexterity
Wands
 q - a wand of digging (4)
Scrolls
 c - a scroll of enchant armour {unknown}
 e - 6 scrolls of identify {unknown}
 f - 2 scrolls of teleportation {unknown}
 h - a scroll of brand weapon {unknown}
 m - a scroll of revelation {unknown}
 n - 3 scrolls of fear {unknown}
 o - 4 scrolls of amnesia {unknown}
 p - 2 scrolls of summoning {unknown}
 t - 3 scrolls of immolation
 u - 3 scrolls of vulnerability {unknown}
 w - a scroll of fog {unknown}
 z - a scroll of noise {unknown}
 A - 2 scrolls of blinking
Potions
 g - a potion of enlightenment {unknown}
 i - a potion of heal wounds {unknown}
 j - a potion of haste {unknown}
 k - a potion of degeneration {unknown}
 l - 3 potions of curing
 r - a potion of might {unknown}
 s - a potion of mutation {unknown}
 x - a potion of resistance {unknown}


   Skills:
 + Level 5.5 Fighting
 - Level 1.7 Long Blades
 - Level 0.7 Throwing
 - Level 1.0 Armour
 - Level 2.1 Dodging
 + Level 4.8 Spellcasting
 + Level 4.8 Conjurations
 + Level 4.8 Hexes
 + Level 4.8 Summonings
 + Level 4.8 Necromancy
 + Level 4.8 Translocations
 + Level 4.8 Fire Magic
 + Level 4.8 Ice Magic
 + Level 4.8 Air Magic
 + Level 4.8 Earth Magic
 + Level 4.8 Alchemy


You knew the following spells:

 Your Spells              Type           Power      Damage    Failure   Level
a - Blink                 Tloc           38%        N/A       4%          2
b - Lesser Beckoning      Tloc           38%        N/A       4%          2
c - Teleport Other        Tloc           19%        N/A       9%          3
d - Manifold Assault      Tloc           19%        N/A       28%         4
e - Vhi's Electric Charg  Tloc/Air       38%        N/A       28%         4
f - Foxfire               Conj/Fire      76%        2x1d7     2%          1
g - Mercury Vapours       Alch/Air       38%        N/A       4%          2
h - Hailstorm             Conj/Ice       19%        3d7       9%          3
Your spell library was empty.

Dungeon Overview and Level Annotations

Branches:
Dungeon (5/15)
 Temple: D:4-7

Altars:
Gozag
Nemelex Xobeh
Zin

Annotations:
D:3 1 runed translucent door, grandjackal's ghost, amateur DsGl


Innate Abilities, Weirdness & Mutations

You are immune to sickness and miasma.
You are immune to poison.
Your flesh is very heat resistant. (rF++)
You are vulnerable to cold. (rC-)
You float through the air rather than walking.
You learn spells naturally, not from books.
Your magical power is your life essence.
You have superior vitality. (+4 MHP)


Message History

You conjure some foxfire!
The foxfire hits the yak.
The yak is severely wounded.
The foxfire hits the yak.
The yak is severely wounded.
The yak barely misses you.
You conjure some foxfire!
The foxfire hits the yak but does no damage.
The yak is severely wounded.
The foxfire hits the yak but does no damage.
The yak is severely wounded.
The yak barely misses you.
You conjure some foxfire!
The foxfire hits the yak.
The yak is severely wounded.
The foxfire hits the yak.
The yak is almost dead.
The yak gores you.
You conjure some foxfire!
The foxfire hits the yak.
The yak is almost dead.
The foxfire hits the yak but does no damage.
The yak is almost dead.
The yak gores you.
You conjure some foxfire!
The foxfire hits the yak.
The yak is almost dead.
The foxfire hits the yak but does no damage.
The yak is almost dead.
The yak gores you.
Your magical contamination has completely faded away.
You are too injured to fight recklessly!
You are too injured to fight recklessly!
You are too injured to fight recklessly!
You barely miss the yak.
The yak is almost dead.
The foxfire hits the yak but does no damage.
The yak is almost dead.
The foxfire hits the yak.
The yak is almost dead.
The yak gores you!
* * * LOW HITPOINT WARNING * * *
The yak gores you!
You die...

#)#.# #..##.##...#
##)#.# ###..#...#####
####....#
#............#
#....#..#
#.#..#<..###.#
##.##....###....##.##
............†..#.##.#
###.###..........##.#
# ###.#.Y...###.#
#.§@....# #.#
###.§...# ##....#
##.#.# #.#.# ....#
#.. ..#


You could see a yak.

Vanquished Creatures
  A bombardier beetle (D:4)
  An orc priest (D:4)
  A hound (D:5)
  A gnoll bouda (D:3)
  Natasha (thrice) (D:2)
  An iguana (D:4)
  Robin (D:2)
  3 gnolls
  10 adders
  4 dart slugs
  4 ribbon worms
  9 orcs
  8 ball pythons
  7 bats
  6 endoplasms
  2 giant cockroaches
  22 goblins
  17 hobgoblins
  4 jackals (D:1)
  5 kobolds
  8 frilled lizards
  5 rats
123 creatures vanquished.

Vanquished Creatures (others)
  734 foxfires
734 creatures vanquished.

Grand Total: 857 creatures vanquished

Notes
Turn   | Place    | Note
-------+----------+-------------------------------------------
     0 | D:1      | cforsyth the Djinni Warper began the quest for the Orb.
     0 | D:1      | cforsyth set off with the following spells memorised:
                  | Blink, Lesser Beckoning, Teleport Other, Manifold Assault,
                  | Vhi's Electric Charge.
     0 | D:1      | Reached XP level 1. HP: 18/18 MP: 0/0
   129 | D:1      | Reached XP level 2. HP: 23/23 MP: 0/0
   427 | D:1      | Reached XP level 3. HP: 29/29 MP: 0/0
   427 | D:1      | Learned a level 1 spell: Foxfire
   889 | D:2      | Reached skill level 3 in Fighting
  1006 | D:2      | Reached XP level 4. HP: 30/35 MP: 0/0
  1261 | D:2      | Noticed Natasha
  1266 | D:2      | Killed Natasha
  1290 | D:2      | Reached XP level 5. HP: 38/40 MP: 0/0
  1290 | D:2      | Learned a level 2 spell: Mercury Vapours
  1359 | D:2      | You are sucked into a shaft and drop 2 floors!
  1718 | D:3      | Reached skill level 4 in Fighting
  1785 | D:2      | Noticed Robin
  2003 | D:4      | Reached XP level 6. HP: 43/47 MP: 0/0
  2281 | D:4      | Found a glowing silver altar of Zin.
  2316 | D:4      | Found an opulent altar of Gozag.
  2455 | D:4      | Identified the +1 quarterstaff of Action {antimagic, rF+
                  | Stlth+}
  2663 | D:5      | Entered Level 5 of the Dungeon
  2926 | D:3      | Found a faded altar of an unknown god.
  3681 | D:3      | Found a sparkling altar of Nemelex Xobeh.
  3691 | D:3      | Reached skill level 5 in Fighting
  3795 | D:3      | Found a runed translucent door.
  3796 | D:3      | Noticed grandjackal's ghost (amateur DsGl)
  4333 | D:2      | Noticed Natasha
  4355 | D:2      | Reached XP level 7. HP: 45/54 MP: 0/0
  4355 | D:2      | Learned a level 3 spell: Hailstorm
  4357 | D:2      | Killed Natasha
  4391 | D:2      | Killed Robin
  4395 | D:2      | Noticed Natasha
  4403 | D:2      | Killed Natasha
  5083 | D:5      | Noticed a yak
  5107 | D:5      | Slain by a yak

Illustrated notes

Levels and vault maps discovered:
D:1:      saegor_arrival_simple_d, layout_basic, serial_forest,
          infiniplex_forest_clump_curved, infiniplex_forest_lined_2,
          infiniplex_forest_lined_corner, infiniplex_forest_lined_corner,
          infiniplex_forest_lined_3_way
D:2:      layout_rooms, nrook_mini_backslash, minmay_tromino_v4_c, uniq_robin,
          uniq_natasha
D:3:      layout_basic, nemelex_dance_club_becter, ebering_ghost_sewer_d,
          hellmonk_ecumenical_altar_blasted, feat_on_display
D:4:      layout_basic, pdpol_temple_overflow_zin_treasury_gozag_greed,
          vehumet_crystals, minmay_misc_feat_iff, minmay_misc_feat_cross
D:5:      layout_loops_ring, temple_statues, minmay_manual_mess

Skill      XL: |  1  2  3  4  5  6 |
---------------+-------------------+-----
Spellcasting   | 3 4 |  4.8
Conjurations   | 3 4 |  4.8
Hexes          | 3 4 |  4.8
Summonings     | 3 4 |  4.8
Necromancy     | 3 4 |  4.8
Translocations | 3 4 |  4.8
Fire Magic     | 3 4 |  4.8
Ice Magic      | 3 4 |  4.8
Air Magic      | 3 4 |  4.8
Earth Magic    | 3 4 |  4.8
Alchemy        | 3 4 |  4.8
Fighting       | 3 4 5 |  5.5
Long Blades    | |  1.7
Throwing       | |  0.7
Armour         | |  1.0
Dodging        | |  2.1

Action                     |  1- 3 |  4- 6 |  7- 9 || total
---------------------------+-------+-------+-------++-------
  Melee: Falchion          |    56 |    14 |     4 ||    74
   Cast: Foxfire           |    70 |   268 |    95 ||   433
         Blink             |       |     4 |       ||     4
    Use: Potion            |       |     3 |       ||     3
         Scroll            |       |     1 |       ||     1
 Armour: Leather armour    |    44 |    44 |    19 ||   107
  Dodge: Dodged            |    58 |    46 |    16 ||   120

Table legend: (Time is in decaauts)
 A = Elapsed time spent in this place.
 B = Non-inter-level travel time spent in this place.
 C = Inter-level travel time spent in this place.
 D = Time resting spent in this place.
 E = Time spent auto-exploring this place.
 F = Levels seen in this place.
 G = Mean time per level.
                   A        B        C        D        E       F      G
               +--------+--------+--------+--------+--------+-----+--------+
         Total |   5134 |   5046 |     88 |    617 |   3475 |   5 | 1026.8 |
       Dungeon |   5134 |   5046 |     88 |    617 |   3475 |   5 | 1026.8 |
               +--------+--------+--------+--------+--------+-----+--------+

Top non-repeatable levels by time:
     D:4: 1545 daAuts
     D:3: 1455 daAuts
     D:1: 992 daAuts
     D:2: 968 daAuts
     D:5: 171 daAuts
